 Dungeon Crawl Stone Soup version 0.29-a0-243-g602b31c20e (webtiles) character file.

Game seed: 12760634748768500448

315 dolemite99 the Poker (level 6, 0/53 HPs)
             Began as a Gnoll Cinder Acolyte on Mar 4, 2022.
             Was a Priest of Ignis.
             Slain by an orc
             ... wielding a +0 club
              (2 damage)
             ... on level 4 of the Dungeon.
             The game lasted 00:04:43 (4724 turns).

dolemite99 the Poker (Gnoll Cinder Acolyte)         Turns: 4724, Time: 00:04:43

Health: 0/53       AC:  5    Str: 16    XL:     6   Next: 43%
Magic:  3/11       EV: 11    Int: 13    God:    Ignis [***...]
Gold:   183        SH:  0    Dex:  7    Spells: 9/11 levels left

rFire   + . .      SeeInvis .   a - +0 hunting sling
rCold   . . .      Faith    .   (no shield)
rNeg    . . .      Spirit   .   d - +0 leather armour
rPois   .          Reflect  .   x - +1 hat
rElec   .          Harm     .   o - +0 cloak
rCorr   .          Rampage  .   (no gloves)
Will    .....                   (no boots)
Stlth   +.........              (no amulet)
HPRegen 0.17/turn               (no ring)
MPRegen 0.12/turn               (no ring)

@: rising, flying
A: fangs 1, strong nose, distributed training
a: Renounce Religion, Fiery Armour, Foxfire Swarm


You were on level 4 of the Dungeon.
You worshipped Ignis.
Ignis was most pleased with you.
You visited 1 branch of the dungeon, and saw 6 of its levels.

You collected 183 gold pieces.

Inventory:

Hand Weapons
 a - a +0 hunting sling (weapon)
 b - a +2 dagger of venom
 f - a +0 whip
 l - a +0 hunting sling
 m - a +0 trident
 p - a +0 hand axe of flaming
 u - a -1 spear of flaming
Missiles
 g - 9 poisoned darts
 h - 127 stones
Armour
 d - a +0 leather armour (worn)
 o - a +0 cloak (worn)
 x - a +1 hat (worn)
 C - a +0 robe of cold resistance
Scrolls
 c - 8 scrolls of identify {unknown}
 j - a scroll of holy word {unknown}
 n - a scroll of amnesia {unknown}
 q - 3 scrolls of enchant armour {unknown}
 t - a scroll of teleportation {unknown}
 v - a scroll of immolation {unknown}
 y - a scroll of fear {unknown}
 B - a scroll of enchant weapon {unknown}
Potions
 e - 2 potions of curing {unknown}
 i - a potion of heal wounds {unknown}
 k - a potion of lignification {unknown}
 r - a potion of haste {unknown}
 s - a potion of might {unknown}
 w - 2 potions of flight {unknown}
 z - a potion of berserk rage {unknown}
 A - a potion of attraction {unknown}


   Skills:
 + Level 6.8 Fighting
 + Level 2.0 Short Blades
 + Level 2.0 Long Blades
 + Level 2.0 Axes
 + Level 2.0 Maces & Flails
 + Level 6.8 Polearms
 + Level 2.0 Staves
 + Level 2.0 Slings
 + Level 2.0 Bows
 + Level 2.0 Crossbows
 + Level 2.0 Throwing
 + Level 2.0 Armour
 + Level 2.0 Dodging
 + Level 2.0 Stealth
 + Level 2.0 Shields
 + Level 2.0 Unarmed Combat
 + Level 3.4 Spellcasting
 + Level 1.5 Conjurations
 + Level 1.5 Hexes
 + Level 1.5 Summonings
 + Level 1.5 Necromancy
 + Level 1.5 Translocations
 + Level 1.5 Transmutations
 + Level 5.6 Fire Magic
 + Level 1.5 Ice Magic
 + Level 1.5 Air Magic
 + Level 1.5 Earth Magic
 + Level 1.5 Poison Magic
 + Level 2.1 Invocations
 + Level 2.0 Evocations


You had 9 spell levels left.
You knew the following spells:

 Your Spells              Type           Power      Damage    Failure   Level
a - Scorch                Fire           34%        2d7       4%          2

Your spell library contained the following spells:

 Spells                   Type           Power      Damage    Failure   Level
 Beastly Appendage        Tmut           12%        N/A       14%         1
 Summon Small Mammal      Summ           24%        N/A       14%         1
 Corpse Rot               Necr/Air       12%        N/A       22%         2
 Wereblood                Tmut           6%         N/A       22%         2
 Ignite Poison            Fire/Tmut/Pois 9%         N/A       24%         3
 Call Canine Familiar     Summ           6%         N/A       41%         3
 Mephitic Cloud           Conj/Pois/Air  6%         N/A       41%         3
 Spider Form              Tmut/Pois      6%         N/A       41%         3
 Summon Guardian Golem    Hex/Summ       6%         N/A       41%         3
 Dispel Undead            Necr           6%         3d8       82%         4
 Freezing Cloud           Conj/Ice/Air   3%         6-21      99%         5
 Death Channel            Necr           3%         N/A       100%        6


Dungeon Overview and Level Annotations

Branches:
Dungeon (6/15)
 Temple: D:4-7

Altars:
Nemelex Xobeh


Innate Abilities, Weirdness & Mutations

You have very sharp teeth.
Your uncanny sense of smell can sniff out nearby items.
Your experience applies equally to all skills.


Message History

The orc barely misses you.
You hear some strange, mumbled words.
Something tries to affect you, but you resist.
The gnoll barely misses you. Something hits you but does no damage.
You miss something. The orc misses you. Something hits you.
A gnoll shaman comes into view. It is wielding a +0 club.
Something hits you but does no damage. The gnoll barely misses you.
The orc barely misses you.
You closely miss something.
You hear some strange, mumbled words.
Something tries to affect you, but you resist.
The gnoll hits you with a +0 whip. Something hits you.
* * * LOW HITPOINT WARNING * * *
The orc hits you with a +0 club.
* * * LOW HITPOINT WARNING * * *
You hear a shout!
Okay, then.
You begin to rise into the air.
The gnoll shaman calls upon its god to speed up the gnoll.
The gnoll seems to speed up.
The gnoll barely misses you.
You hear some strange, mumbled words.
Something tries to affect you, but you resist.
The gnoll hits you but does no damage. Something hits you but does no damage.
An orc comes into view. It is wielding a +0 hand axe.
The orc barely misses you.
Unknown command.
The gnoll closely misses you. Something hits you but does no damage.
The gnoll hits you with a +0 whip.
* * * LOW HITPOINT WARNING * * *
Something hits you but does no damage. The orc hits you with a +0 club.
* * * LOW HITPOINT WARNING * * *
The gnoll completely misses you.
You hear some strange, mumbled words.
A puff of flame appears from out of thin air!
The puff of flame hits you. You resist.
* * * LOW HITPOINT WARNING * * *
The gnoll hits you with a +0 whip.
* * * LOW HITPOINT WARNING * * *
Something hits you but does no damage. The orc hits you with a +0 club.
You die...

# ######
....###############.....
....gSg@)..†........####
.....g{.o......######
...g.o########.# ......
o... ..### o._..≈§ .
o........ ∆..........
#######.#### #....#


You could see a gnoll shaman, 3 gnolls, an adder and 2 orcs.

Vanquished Creatures
  An ogre (D:6)
  A scorpion (D:6)
  A hound (D:4)
  Robin (D:3)
  2 gnolls
  3 adders
  A white imp (D:6)
  2 dart slugs
  6 orcs
  7 ball pythons
  6 endoplasms
  5 giant cockroaches
  13 goblins
  8 hobgoblins
  2 jackals (D:3)
  6 kobolds
  2 quokkas
  A bat (D:3)
  4 frilled lizards
  4 rats
76 creatures vanquished.

Vanquished Creatures (others)
  14 foxfires (D:4)
14 creatures vanquished.

Grand Total: 90 creatures vanquished

Notes
Turn   | Place    | Note
-------+----------+-------------------------------------------
     0 | D:1      | dolemite99 the Gnoll Cinder Acolyte began the quest for the
                  | Orb.
     0 | D:1      | Reached XP level 1. HP: 23/23 MP: 4/4
   193 | D:1      | Reached XP level 2. HP: 28/29 MP: 5/5
   729 | D:1      | Reached XP level 3. HP: 35/35 MP: 7/7
   735 | D:1      | Learned a level 2 spell: Scorch
   994 | D:2      | Reached skill level 1 in Invocations
  1661 | D:3      | Reached skill level 1 in Short Blades
  1661 | D:3      | Reached skill level 1 in Long Blades
  1661 | D:3      | Reached skill level 1 in Axes
  1661 | D:3      | Reached skill level 1 in Maces & Flails
  1661 | D:3      | Reached skill level 1 in Staves
  1661 | D:3      | Reached skill level 1 in Slings
  1661 | D:3      | Reached skill level 1 in Bows
  1661 | D:3      | Reached skill level 1 in Crossbows
  1661 | D:3      | Reached skill level 1 in Throwing
  1661 | D:3      | Reached skill level 1 in Armour
  1661 | D:3      | Reached skill level 1 in Dodging
  1661 | D:3      | Reached skill level 1 in Stealth
  1661 | D:3      | Reached skill level 1 in Shields
  1661 | D:3      | Reached skill level 1 in Unarmed Combat
  1661 | D:3      | Reached skill level 1 in Evocations
  1672 | D:3      | Reached XP level 4. HP: 37/41 MP: 1/8
  2735 | D:4      | Noticed Robin
  3056 | D:4      | Reached skill level 1 in Conjurations
  3056 | D:4      | Reached skill level 1 in Hexes
  3056 | D:4      | Reached skill level 1 in Summonings
  3056 | D:4      | Reached skill level 1 in Necromancy
  3056 | D:4      | Reached skill level 1 in Translocations
  3056 | D:4      | Reached skill level 1 in Transmutations
  3056 | D:4      | Reached skill level 1 in Ice Magic
  3056 | D:4      | Reached skill level 1 in Air Magic
  3056 | D:4      | Reached skill level 1 in Earth Magic
  3056 | D:4      | Reached skill level 1 in Poison Magic
  3218 | D:3      | Killed Robin
  3219 | D:3      | Reached XP level 5. HP: 34/47 MP: 1/9
  4256 | D:4      | You fall into a shaft and drop 2 floors!
  4336 | D:6      | Noticed an ogre
  4343 | D:6      | Killed an ogre
  4344 | D:6      | Reached XP level 6. HP: 53/53 MP: 3/11
  4667 | D:5      | Entered Level 5 of the Dungeon
  4704 | D:4      | Found a sparkling altar of Nemelex Xobeh.
  4724 | D:4      | HP: 2/53 [gnoll/+0 whip (1)]
  4724 | D:4      | Slain by an orc

Illustrated notes

Levels and vault maps discovered:
D:1:      tarquinn_simple_flora_water_f, layout_basic
D:2:      layout_rooms
D:3:      layout_loops_cross, hangedman_abyss_or_decor_stabs
D:4:      layout_rooms, mainiacjoe_overflow_boulevard, uniq_robin
D:5:      layout_rooms, chequers_temple_overflow_minitemple, chequers_garden
D:6:      layout_loops_ring, minmay_holes

Skill      XL: |  1  2  3  4  5  6 |
---------------+-------------------+-----
Invocations    | 1 2 |  2.1
Short Blades   | 1 2 |  2.0
Long Blades    | 1 2 |  2.0
Axes           | 1 2 |  2.0
Maces & Flails | 1 2 |  2.0
Staves         | 1 2 |  2.0
Slings         | 1 2 |  2.0
Bows           | 1 2 |  2.0
Crossbows      | 1 2 |  2.0
Throwing       | 1 2 |  2.0
Armour         | 1 2 |  2.0
Dodging        | 1 2 |  2.0
Stealth        | 1 2 |  2.0
Shields        | 1 2 |  2.0
Unarmed Combat | 1 2 |  2.0
Evocations     | 1 2 |  2.0
Spellcasting   | 3 |  3.4
Conjurations   | 1 |  1.5
Hexes          | 1 |  1.5
Summonings     | 1 |  1.5
Necromancy     | 1 |  1.5
Translocations | 1 |  1.5
Transmutations | 1 |  1.5
Ice Magic      | 1 |  1.5
Air Magic      | 1 |  1.5
Earth Magic    | 1 |  1.5
Poison Magic   | 1 |  1.5
Fighting       | |  6.8
Polearms       | |  6.8
Fire Magic     | |  5.6

Action                   |  1- 3 |  4- 6 || total
-------------------------+-------+-------++-------
Melee: Spear             |    90 |       ||    90
       Bite              |     5 |     1 ||     6
       Dagger            |       |    13 ||    13
       Hunting sling     |       |     2 ||     2
 Fire: Hunting sling     |       |    15 ||    15
Throw: Stone             |    22 |     1 ||    23
       Dart              |     4 |       ||     4
 Cast: Scorch            |     6 |    46 ||    52
Invok: Fiery Armour      |     3 |       ||     3
       Foxfire Swarm     |       |     3 ||     3
       Rising Flame      |       |     1 ||     1
Armor: Robe              |     2 |       ||     2
       Leather armour    |    25 |    25 ||    50
Dodge: Dodged            |    45 |    57 ||   102

Table legend: (Time is in decaauts)
 A = Elapsed time spent in this place.
 B = Non-inter-level travel time spent in this place.
 C = Inter-level travel time spent in this place.
 D = Time resting spent in this place.
 E = Time spent auto-exploring this place.
 F = Levels seen in this place.
 G = Mean time per level.
                   A        B        C        D        E       F      G
               +--------+--------+--------+--------+--------+-----+--------+
         Total |   4712 |   4603 |    109 |   2030 |   1824 |   6 |  785.3 |
       Dungeon |   4712 |   4603 |    109 |   2030 |   1824 |   6 |  785.3 |
               +--------+--------+--------+--------+--------+-----+--------+

Top non-repeatable levels by time:
     D:3: 1959 daAuts
     D:1: 867 daAuts
     D:2: 726 daAuts
     D:4: 719 daAuts
     D:6: 415 daAuts
     D:5: 24 daAuts
